AoeStats
← Murderer Potato

Nomad

509240321Analyzed
4v4 RM · 6d ago on Sep 26, 2026· 48m 10s· 8 players
Game mode
Random Map
Map size
231×231
Population
200
Speed
Normal
Resources
Standard
Victory
Conquest
Starting age
Dark Age
Ending age
Imperial Age
RankedLock teamsTeams togetherTeam positionsShared explorationLock speedFull tech treeHidden civsTurbo modeCheats
Victory
Defeat
🇬🇷 Maya · Greece
1273
+14
🇰🇼 Georgians · Kuwait
1265
+14
🇻🇳 Huns · Vietnam
1226
+16
🇮🇳 Persians · India
1202
+17
🇺🇸 Khmer · United States
1235
-16
🇺🇸 Maya · United States
1223
-15
🇲🇽 Hindustanis · Mexico
1215
-15
🇨🇱 Chinese · Chile
1208
-15
SneakyJeff
7:56 Loom
15:42 Feudal Age
16:29 Double-Bit Axe
16:42 Gold Mining
20:29 Fletching
25:23 Wheelbarrow
27:46 Castle Age
26:35 Horse Collar
28:58 Bodkin Arrow
29:06 Scale Mail Armor
28:32 Elite Skirmisher
29:12 Bodkin Arrow
29:19 Padded Archer Armor
29:44 Scale Mail Armor
32:13 Leather Archer Armor
33:49 Chain Mail Armor
33:45 Forging
33:24 Eagle Warrior
40:19 Thumb Ring
45:31 Imperial Age
43:45 Crossbowman
48:03 Iron Casting
47:29 Bracer
47:49 Hand Cart
sergey_mashkov
6:46 Loom
16:02 Feudal Age
17:12 Horse Collar
19:31 Double-Bit Axe
20:51 Gold Mining
24:02 Castle Age
23:00 Forging
26:58 Stone Mining
27:22 Fletching
29:35 Wheelbarrow
29:23 Bow Saw
32:38 Imperial Age
30:48 Bodkin Arrow
30:56 Padded Archer Armor
31:01 Husbandry
32:19 Hand Cart
32:28 Bloodlines
33:51 Conscription
33:52 Leather Archer Armor
33:43 Scale Barding Armor
35:43 Double Crossbow
35:42 Town Watch
39:43 Chain Barding Armor
Murderer Potato
4:16 Loom
15:08 Feudal Age
19:25 Castle Age
17:25 Double-Bit Axe
19:36 Crossbowman
22:27 Thumb Ring
24:44 Wheelbarrow
27:50 Fletching
29:56 Horse Collar
30:29 Bow Saw
30:15 Stone Mining
32:26 Bodkin Arrow
32:32 Padded Archer Armor
32:57 Hand Cart
35:40 Gold Mining
37:10 Stone Shaft Mining
37:15 Gold Shaft Mining
36:48 Heavy Plow
40:54 Imperial Age
40:46 Ballistics
42:03 Conscription
43:20 Rocketry
44:20 Chemistry
43:33 Bracer
mnmoose
6:20 Loom
14:13 Feudal Age
23:50 Castle Age
24:40 Scale Barding Armor
26:33 Bloodlines
27:54 Forging
28:23 Double-Bit Axe
28:19 Horse Collar
30:12 Husbandry
32:31 Scale Mail Armor
35:45 Fletching
37:52 Chain Mail Armor
40:56 Wheelbarrow
41:46 Bow Saw
41:36 Heavy Plow
41:27 Gold Mining
41:29 Stone Mining
Madeft
4:44 Loom
15:24 Feudal Age
19:13 Castle Age
17:33 Double-Bit Axe
17:31 Horse Collar
17:45 Stone Mining
19:24 Scale Mail Armor
37:09 Fletching
37:19 Padded Archer Armor
41:23 Wheelbarrow
45:09 Bodkin Arrow
45:30 Leather Archer Armor
50:29 Imperial Age
alktam
5:30 Loom
14:24 Feudal Age
15:57 Double-Bit Axe
18:22 Castle Age
19:31 Bow Saw
20:53 Stone Mining
21:40 Wheelbarrow
20:55 Horse Collar
21:52 Town Watch
22:26 Heavy Plow
23:03 Stone Shaft Mining
26:57 Scale Barding Armor
27:36 Forging
27:28 Fletching
28:03 Chain Barding Armor
28:25 Hand Cart
28:36 Forging
29:12 Bloodlines
29:02 Husbandry
29:55 Gold Mining
30:12 Svan Towers
31:28 Iron Casting
30:47 Fletching
31:06 Guard Tower
31:37 Ballistics
31:27 Masonry
32:05 Treadmill Crane
32:20 Murder Holes
35:53 Imperial Age
33:25 Scale Mail Armor
33:21 Bodkin Arrow
32:52 Pikeman
33:32 Squires
33:39 Bodkin Arrow
34:02 Gambesons
34:03 Arson
34:34 Chain Mail Armor
36:45 Bracer
36:31 Arrowslits
37:25 Keep
36:36 Halberdier
43:34 Chemistry
42:19 Arrowslits
43:05 Architecture
42:41 Siege Engineers
46:02 Coinage
47:24 Hoardings
Ambarish Choudhary
19:26 Feudal Age
20:19 Fishing Lines
21:18 Wheelbarrow
20:31 Double-Bit Axe
20:28 Horse Collar
23:41 Castle Age
21:38 Stone Mining
21:39 Gold Mining
22:20 Scale Barding Armor
22:26 Forging
22:07 Fletching
23:47 Bloodlines
24:25 Husbandry
24:50 Loom
25:20 Hand Cart
25:18 Bow Saw
25:08 Heavy Plow
25:05 Gillnets
25:31 Bodkin Arrow
27:12 Chain Barding Armor
35:28 Ballistics
35:04 Murder Holes
35:20 Masonry
38:25 Imperial Age
38:56 Cavalier
40:12 Plate Barding Armor
40:13 Iron Casting
40:39 Chemistry
39:55 Guilds
40:49 Savar
41:53 Capped Ram
45:34 Blast Furnace
45:57 Gold Shaft Mining
45:58 Stone Shaft Mining
47:06 Siege Ram
48:44 Scale Mail Armor
48:45 Padded Archer Armor
halong1301
10:40 Loom
17:45 Feudal Age
21:57 Castle Age
19:52 Fishing Lines
20:14 Double-Bit Axe
21:12 Bloodlines
23:30 Scale Barding Armor
23:55 Husbandry
25:16 Bow Saw
26:52 Pikeman
27:30 Horse Collar
35:26 Imperial Age
33:41 Stone Mining
33:43 Gold Mining
37:08 Two-Man Saw
36:10 Fishing Lines
36:52 Marauders
38:19 Chain Barding Armor
38:03 Elite Tarkan
39:58 Forging
41:36 Plate Barding Armor
42:19 Iron Casting
45:33 Blast Furnace
49:06 Gold Shaft Mining
Connection lost

Rejoining the realm…

Still unreachable

The connection could not be restored.

Session expired

The server has moved on; the page needs a fresh start.